 Dungeon Sprint DCSS version 0.20.1-1-g8b1a95d66d (webtiles) character file.

107 Jannitor the Shield-Bearer (level 5, -5/46 HPs)
             Began as a Formicid Fighter on Dec 13, 2017.
             Was an Initiate of Okawaru.
             Slain by a yak (10 damage)
             ... in the Dungeon (Sprint I: "Red Sonja").
             The game lasted 00:00:38 (358 turns).

Jannitor the Shield-Bearer (Formicid Fighter)        Turns: 358, Time: 00:00:38

Health: -5/46      AC:  7    Str: 21    XL:     5   Next: 10%
Magic:  5/5        EV:  9    Int:  8    God:    Okawaru [......]
Gold:   54         SH: 10    Dex: 10    Spells: 4/4 levels left

rFire    . . .     SeeInvis +   a - +0 flail
rCold    . . .     Gourm    .   c - +0 shield
rNeg     . . .     Faith    .   b - +0 scale mail
rPois    .         Spirit   .   (helmet unavailable)
rElec    .         Reflect  .   (no cloak)
rCorr    .         Harm     .   (no gloves)
MR       .....                  (no boots)
Stlth    ..........             (no amulet)
Regen    0.2/turn               (no ring)
MPRegen  0.1/turn               (no ring)

@: no status effects
A: permanent stasis, dig shafts and tunnels, four strong arms, antennae 3
a: Dig, Renounce Religion


You were in the Dungeon.
You worshipped Okawaru.
Okawaru was noncommittal.
You were not hungry.

You visited 1 branch You collected 54 gold pieces.

Inventory:

Hand Weapons
 a - a +0 flail (weapon)
Armour
 b - a +0 scale mail (worn)
 c - a +0 shield (worn)
Scrolls
 k - a scroll of blinking
Potions
 d - a potion of might
 e - a potion of curing
 g - a potion of heal wounds
 h - a potion of haste
 i - 2 potions of magic
 j - a potion of berserk rage
Comestibles
 f - a bread ration


   Skills:
 + Level 5.9 Fighting
 + Level 4.8 Maces & Flails
 + Level 6.0 Armour
 + Level 6.5 Shields


You had 4 spell levels left.
You didn't know any spells.

Dungeon Overview and Level Annotations

Branches:
Dungeon (1/1)

Altars:
Cheibriados
Dithmenos
Elyvilon
Fedhas
Gozag
Hepliaklqana
Kikubaaqudgha
Nemelex Xobeh
Okawaru
Qazlal
Ru
Trog
Uskayaw
Yredelemnul
Zin
The Shining One

Shops:
D =


Innate Abilities, Weirdness & Mutations

You cannot be hasted, slowed, berserked, paralysed or teleported.
You can dig through walls and to a lower floor.
Your four strong arms can wield two-handed weapons with a shield.
You have a pair of large antennae on your head. (SInv)


Message History

The yak gores you!
You barely miss the yak.
The yak is lightly wounded.
The yak gores you.
You hit the yak.
The yak is moderately wounded.
The yak closely misses you.
You sock the yak!
The yak is almost dead.
You block the yak's attack.
You hit the yak.
The yak is almost dead.
The yak gores you!
* * * LOW HITPOINT WARNING * * *
You closely miss the yak.
The yak is almost dead.
You block the yak's attack. The yak gores you!
* * * LOW HITPOINT WARNING * * *
The yak gores you!
You die...

##########
#<.#..)..#
{
#..').#..+
#..#####'#
#..####..#
#..#__@###
#..#__Y__#
#⌠⌠#_.∩...+
####_..__##
{ #_____#
#######


You could see a yak.

Vanquished Creatures
  An ogre (D)
  Ijyb (D)
2 creatures vanquished.

Notes
Turn   | Place    | Note
-------+----------+-------------------------------------------
     0 | D        | Jannitor the Formicid Fighter began the quest for the Orb.
     0 | D        | Reached XP level 1. HP: 18/18 MP: 1/1
     1 | D        | Noticed Ijyb
    10 | D        | Killed Ijyb
    10 | D        | Reached skill level 5 in Shields
    10 | D        | Reached XP level 2. HP: 18/26 MP: 2/2
    10 | D        | Reached XP level 3. HP: 21/31 MP: 3/3
   102 | D        | Noticed an ogre
   108 | D        | Killed an ogre
   108 | D        | Reached skill level 5 in Fighting
   108 | D        | Reached XP level 4. HP: 23/40 MP: 4/4
   108 | D        | Reached XP level 5. HP: 26/46 MP: 5/5
   347 | D        | Found a glowing silver altar of Zin.
   347 | D        | Found a white marble altar of Elyvilon.
   347 | D        | Found a bloodstained altar of Trog.
   347 | D        | Found a blossoming altar of Fedhas.
   347 | D        | Found an iron altar of Okawaru.
   347 | D        | Found a stormy altar of Qazlal.
   347 | D        | Found a glowing golden altar of the Shining One.
   347 | D        | Found Maoh's Jewellery Emporium.
   347 | D        | Found an ancient bone altar of Kikubaaqudgha.
   347 | D        | Found a hide-covered altar of Uskayaw.
   347 | D        | Found a hazy altar of Hepliaklqana.
   347 | D        | Found a basalt altar of Yredelemnul.
   347 | D        | Found a snail-covered altar of Cheibriados.
   347 | D        | Found an opulent altar of Gozag.
   347 | D        | Found a sacrificial altar of Ru.
   347 | D        | Found a sparkling altar of Nemelex Xobeh.
   347 | D        | Found a shadowy altar of Dithmenos.
   347 | D        | Noticed a yak
   349 | D        | Became a worshipper of Warmaster Okawaru
   358 | D        | Slain by a yak

Skill      XL: |  1  2  3 |
---------------+----------+-----
Fighting       | 4 5 |  5.9
Maces & Flails | 3 4 |  4.8
Armour         | 4 6 |  6.0
Shields        | 5 6 |  6.5

Action                   |  1- 3 |  4- 6 || total
-------------------------+-------+-------++-------
Melee: Flail             |    14 |     8 ||    22
 Abil: Dig               |       |     1 ||     1
Armor: Scale mail        |     2 |       ||     2
Dodge: Dodged            |     1 |     1 ||     2
Block: Shield            |     6 |     4 ||    10
